 Dungeon Crawl Stone Soup version 0.20.0-15-g7f486f2 (webtiles) character file.

534 meatball the Skirmisher (level 7, -2/64 HPs)
             Began as a Minotaur Fighter on July 1, 2017.
             Killed by divine providence
             ... invoked by an orc priest
              (11 damage)
             ... on level 4 of the Dungeon.
             The game lasted 00:13:26 (3200 turns).

meatball the Skirmisher (Minotaur Fighter)          Turns: 3200, Time: 00:13:27

Health: -2/64      AC:  7    Str: 22    XL:     7   Next: 4%
Magic:  6/6        EV:  7    Int:  5    God:
Gold:   262        SH: 10    Dex: 10    Spells: 6/6 levels left

rFire    . . .     SeeInvis .   a - +0 flail
rCold    . . .     Gourm    .   c - +0 shield
rNeg     . . .     Faith    .   b - +0 scale mail
rPois    .         Spirit   .   (helmet restricted)
rElec    .         Reflect  .   (no cloak)
rCorr    .         Harm     .   (no gloves)
MR       .....                  (no boots)
Stlth    ..........             (no amulet)
Regen    0.2/turn               (no ring)
MPRegen  0.1/turn               (no ring)

@: no status effects
A: retaliatory headbutt, horns 2
a: no special abilities


You were on level 4 of the Dungeon.
You were not hungry.

You visited 1 branch of the dungeon, and saw 4 of its levels.
You also visited: Sewer.

You collected 262 gold pieces.

Inventory:

Hand Weapons
 a - a +0 flail (weapon)
Armour
 b - a +0 scale mail (worn)
 c - a +0 shield (worn)
Jewellery
 m - a cursed +5 ring of strength {unknown}
Wands
 h - a wand of flame (12/48)
 s - a wand of random effects (34/48)
Scrolls
 g - a scroll of recharging {unknown}
 i - 3 scrolls of noise {unknown}
 k - 2 scrolls of amnesia {unknown}
 l - a scroll of magic mapping {unknown}
 n - 3 scrolls of teleportation {unknown}
 o - 2 scrolls of remove curse {unknown}
 u - a scroll of identify {unknown}
 x - a scroll of acquirement {unknown}
 y - a scroll of enchant armour {unknown}
 z - a scroll of fog {unknown}
Potions
 d - 3 potions of brilliance {unknown}
 e - 2 potions of flight
 j - 2 potions of agility {unknown}
 p - a potion of invisibility {unknown}
 q - 7 potions of heal wounds
 r - 3 potions of curing {unknown}
 v - a potion of degeneration {unknown}
 w - a potion of mutation {unknown}
Comestibles
 f - 2 bread rations
 t - a meat ration
 A - 3 chunks of flesh


   Skills:
 * Level 6.4 Fighting
 * Level 5.5 Maces & Flails
 + Level 4.7 Armour
 + Level 5.4 Shields


You had 6 spell levels left.
You didn't know any spells.

Dungeon Overview and Level Annotations

Branches:
Dungeon (4/15)
 Temple: D:4-7

Altars:
Qazlal


Innate Abilities, Weirdness & Mutations

You reflexively headbutt those who attack you in melee.
You have a pair of horns on your head.


Message History

The centaur shouts!
The centaur wields a glowing shortbow.
It is covered in frost.
The centaur shoots an arrow.
You block the arrow.
You see here an arrow.
The centaur shoots an arrow.
The arrow hits you. The arrow freezes you.
The centaur shoots an arrow.
The arrow hits you. The arrow freezes you.
You see here 2 arrows.
The centaur shoots an arrow.
You block the arrow.
An orc priest comes into view. It is wielding a hand axe.
You see here an arrow.
The orc priest shouts!
The centaur shoots an arrow.
The arrow hits you! The arrow freezes you.
You see here an arrow.
The centaur shoots an arrow.
The arrow hits you!
* * * LOW HITPOINT WARNING * * *
The arrow freezes you.
* * * LOW HITPOINT WARNING * * *
The orc priest calls down the wrath of Beogh upon you.
Beogh smites you!
You die... ......
PP..

#..... ..o#
..... ##c...
#
#..###...##
#.#.........
#.#....>..#
#.#...#..# .
##$(.(@([#
#.#........#
#.#.....###
#...P.P...#
####....####
#.......#
#.......#
##...####
#[..#


You could see a centaur and an orc priest.

Vanquished Creatures
  An ogre (D:2)
  2 hounds (D:4)
  An orc wizard (D:3)
  Natasha (thrice) (D:2)
  A hound zombie (D:4)
  A worker ant zombie (D:4)
  7 river rats (Sewer)
  8 adders
  An ooze (D:1)
  5 dart slugs
  A leopard gecko (D:1)
  8 orcs (D:3)
  2 ball pythons (Sewer)
  10 giant cockroaches
  4 hobgoblins
  24 kobolds
  8 bats
  5 frilled lizards
  7 goblins
  26 rats
  3 fungi (D:1)
128 creatures vanquished.

Notes
Turn   | Place    | Note
-------+----------+-------------------------------------------
     0 | D:1      | meatball the Minotaur Fighter began the quest for the Orb.
     0 | D:1      | Reached XP level 1. HP: 19/19 MP: 0/0
   194 | D:1      | Reached XP level 2. HP: 23/27 MP: 1/1
   550 | D:1      | Reached XP level 3. HP: 33/33 MP: 2/2
   552 | D:1      | Reached skill level 4 in Fighting
   925 | D:2      | Noticed Natasha
   932 | D:2      | Killed Natasha
   932 | D:2      | Reached XP level 4. HP: 39/41 MP: 3/3
   956 | D:2      | Noticed Natasha
   971 | D:2      | Killed Natasha
   977 | D:2      | Noticed Natasha
   983 | D:2      | Killed Natasha
   983 | D:2      | Reached skill level 5 in Fighting
   983 | D:2      | Reached XP level 5. HP: 8/48 MP: 4/4
  1675 | D:2      | Noticed an ogre
  1680 | D:2      | Killed an ogre
  1724 | D:3      | Found a stormy altar of Qazlal.
  1769 | D:3      | Reached XP level 6. HP: 38/56 MP: 5/5
  1953 | D:3      | Found a glowing drain.
  1958 | Sewer    | Entered a sewer
  1997 | Sewer    | Reached skill level 5 in Shields
  2170 | Sewer    | Reached skill level 5 in Maces & Flails
  2200 | Sewer    | HP: 2/57 [poisoned by an adder]
  2200 | Sewer    | Reached skill level 6 in Fighting
  3181 | D:4      | Reached XP level 7. HP: 43/64 MP: 6/6
  3200 | D:4      | Killed from afar by an orc priest

Skill      XL: |  1  2  3  4  5  6 |
---------------+-------------------+-----
Shields        | 4 5 |  5.4
Armour         | 4 |  4.7
Fighting       | 4 5 6 |  6.4
Maces & Flails | 3 4 5 |  5.5

Action                   |  1- 3 |  4- 6 |  7- 9 || total
-------------------------+-------+-------+-------++-------
Melee: Flail             |   115 |   197 |     2 ||   314
       Headbutt          |    18 |    27 |       ||    45
Evoke: Wand              |       |     2 |       ||     2
  Use: Potion            |       |     6 |       ||     6
  Eat: Chunk             |       |     6 |     2 ||     8
Armor: Scale mail        |    35 |    98 |     1 ||   134
Dodge: Dodged            |    27 |    74 |     1 ||   102
Block: Shield            |    56 |   152 |     4 ||   212
